 Dungeon Crawl Stone Soup version 0.22-a0-479-gc6e99f3 (webtiles) character file.

258525 Ijustatesigmund the Demon Slayer (level 20, -11/222 HPs)
             Began as a Hill Orc Fighter on June 13, 2018.
             Was a High Priest of the Shining One.
             Killed by a resonance strike
             ... invoked by a ragged hierophant
              (26 damage)
             ... in the Desolation of Salt on June 14, 2018.
             The game lasted 02:18:19 (36638 turns).

Ijustatesigmund the Demon Slayer (HOFi)            Turns: 36638, Time: 02:18:21

Health: -11/222    AC: 29    Str: 29    XL:     20   Next: 29%
Magic:  22/34      EV: 22    Int:  8    God:    the Shining One [*****.]
Gold:   1223       SH: 22    Dex: 35    Spells: 18/25 levels left

rFire    . . .     SeeInvis .   K - +4 war axe
rCold    + . .     Gourm    .   c - +0 large shield
rNeg     + + .     Faith    .   a - +6 scale mail of Winurir {Str+2 Dex+4}
rPois    +         Spirit   .   t - +1 helmet
rElec    .         Reflect  .   w - +2 cloak
rCorr    .         Harm     .   p - +1 pair of gloves
MR       +....                  M - +2 pair of boots {Stlth+}
Stlth    ++........             F - amulet of Vitality {Regen+ HP+15}
HPRegen  0.87/turn              q - ring of Polytheism {Wiz Dex+8 Slay+2}
MPRegen  0.24/turn              I - ring of the Enemy {rC+ Int+2 Slay+3}

@: mighty, agile, very slightly contaminated, slowed, glowing, very slow
A: yellow scales 2, agile 1, dopey 1, poison resistance, robust 1, subdued magic
1, sturdy frame 1
}: 1/15 runes: serpentine
a: Divine Shield, Cleansing Flame, Summon Divine Warrior, Renounce Religion


You were in the Desolation of Salt.
You worshipped the Shining One.
The Shining One was extremely pleased with you.
You were not hungry.

You visited 7 branches of the dungeon, and saw 31 of its levels.
You also visited: Labyrinth, Trove, Volcano and Desolation.

You collected 3442 gold pieces.
You spent 2219 gold pieces at shops.

Inventory:

Hand Weapons
 l - a +1 morningstar of holy wrath
 K - a +4 war axe (weapon)
Missiles
 x - 11 javelins (quivered)
 z - 3 poisoned javelins
Armour
 a - the +6 scale mail of Winurir (worn) {Str+2 Dex+4}
   (You bought it in a shop on level 2 of the Orcish Mines)

   It affects your strength (+2).
   It affects your dexterity (+4).
 c - a +0 large shield (worn)
 p - a +1 pair of gloves (worn)
 t - a +1 helmet (worn)
 w - a +2 cloak (worn)
 M - a +2 pair of boots of stealth (worn)
Jewellery
 g - an uncursed ring of protection from cold
 q - the ring of Polytheism (left hand) {Wiz Dex+8 Slay+2}
   (You found it on level 14 of the Dungeon)

   [ring of wizardry]

   It improves your spell success rate.
   It affects your dexterity (+8).
   It affects your accuracy and damage with ranged weapons and melee attacks
   (+2).
 F - the amulet of Vitality (around neck) {Regen+ HP+15}
   (You bought it in a shop on level 2 of the Snake Pit)

   [amulet of regeneration]

   It affects your health (+15).
   It increases your rate of regeneration.
 H - the amulet "Wutin" {Spirit +Blink rF- rN+}
   (You found it on level 3 of the Lair of Beasts)

   [amulet of guardian spirit]

   It causes incoming damage to be split between your health and magic.
   It makes you vulnerable to fire.
   It protects you from negative energy.
   It lets you blink.
 I - the ring of the Enemy (right hand) {rC+ Int+2 Slay+3}
   (You found it in a treasure trove)

   [ring of intelligence]

   It affects your intelligence (+2).
   It affects your accuracy and damage with ranged weapons and melee attacks
   (+3).
   It protects you from cold.
 J - an uncursed ring of protection from fire
 N - an uncursed ring of wizardry
 O - the amulet "Edaxtar" {*Corrode rPois MR+ Regen+ Slay+5}
   (You found it in a treasure trove)

   [amulet of regeneration]

   It affects your accuracy and damage with ranged weapons and melee attacks
   (+5).
   It protects you from poison.
   It affects your resistance to hostile enchantments.
   It increases your rate of regeneration.
   It may corrode you when you take damage.
 V - a +3 amulet of reflection
Wands
 d - a wand of acid (2)
 o - a wand of digging (33)
 s - a wand of flame (22)
 u - a wand of iceblast (6)
 A - a wand of polymorph (36)
 B - a wand of enslavement (13)
 C - a wand of scattershot (2)
 W - a wand of disintegration (30)
 Y - a wand of paralysis (6)
Scrolls
 e - a scroll of holy word
 j - 6 scrolls of amnesia
 n - 4 scrolls of fear
 r - 9 scrolls of identify
 y - 17 scrolls of remove curse
 D - 2 scrolls of silence
 P - 3 scrolls of enchant weapon
 T - a scroll of brand weapon
Potions
 b - 3 potions of agility
 h - 2 potions of magic
 i - 2 potions of flight
 k - 2 potions of resistance
 m - 2 potions of might
 L - 2 potions of mutation
 X - a potion of ambrosia
 Z - a potion of brilliance
Miscellaneous
 U - a phantom mirror
Comestibles
 f - 12 rations


   Skills:
 - Level 18.4 Fighting
 - Level 20.1(20.3) Axes
 - Level 4.8(12.5) Maces & Flails
 - Level 9.9 Armour
 - Level 7.7 Dodging
 + Level 11.5 Shields
 - Level 3.1 Spellcasting
 - Level 5.4 Summonings
 - Level 10.6 Translocations
 - Level 21.7 Invocations


You had 18 spell levels left.
You knew the following spells:

 Your Spells              Type           Power        Failure   Level  Hunger
a - Blink                 Tloc           N/A          1%          2    ###....
b - Apportation           Tloc           ##....       1%          1    ##.....
c - Lesser Beckoning      Tloc           ##........   3%          3    ####...
d - Summon Butterflies    Summ           #.......     11%         1    ##.....

Your spell library contained the following spells:

 Spells                   Type           Power        Failure   Level  Hunger
 Magic Dart               Conj           #...         65%         1    ##.....
 Bolt of Cold             Conj/Ice       #.........   100%        6    #######
 Lightning Bolt           Conj/Air       #.........   100%        5    ######.
 Invisibility             Hex            #.......     100%        6    #######
 Freezing Cloud           Conj/Ice/Air   #.........   100%        6    #######
 Teleport Other           Tloc           ##......     3%          3    ####...
 Summon Small Mammal      Summ           #...         11%         1    ##.....
 Iskenderun's Mystic Bla  Conj           #.......     100%        4    #####..
 Animate Dead             Necr           N/A          100%        4    #####..
 Pain                     Necr           #...         65%         1    ##.....
 Animate Skeleton         Necr           N/A          65%         1    ##.....
 Vampiric Draining        Necr           #.........   95%         3    ####...
 Ozocubu's Refrigeration  Ice            #.........   100%        6    #######
 Summon Ice Beast         Ice/Summ       #.......     96%         4    #####..
 Ozocubu's Armour         Chrm/Ice       #.......     95%         3    ####...
 Call Imp                 Summ           #.......     16%         2    ###....
 Dispel Undead            Necr           #.......     100%        5    ######.
 Regeneration             Chrm/Necr      #.........   95%         3    ####...
 Tukima's Dance           Hex            #.......     95%         3    ####...
 Stone Arrow              Conj/Erth      #.....       95%         3    ####...
 Shock                    Conj/Air       #...         65%         1    ##.....
 Swiftness                Chrm/Air       #.......     80%         2    ###....
 Agony                    Necr           #.......     100%        5    ######.
 Spider Form              Tmut/Pois      #.........   95%         3    ####...
 Blade Hands              Tmut           #.........   100%        5    ######.
 Statue Form              Tmut/Erth      #........    100%        6    #######
 Ice Form                 Ice/Tmut       #.......     100%        4    #####..
 Dragon Form              Tmut           #.........   100%        7    #######
 Deflect Missiles         Chrm/Air       #.........   100%        6    #######
 Airstrike                Air            #.........   100%        4    #####..
 Shadow Creatures         Summ           N/A          100%        6    #######
 Confusing Touch          Hex            #.....       65%         1    ##.....
 Flame Tongue             Conj/Fire      #....        65%         1    ##.....
 Passwall                 Tmut/Erth      #.......     80%         2    ###....
 Ignite Poison            Fire/Tmut/Pois #.......     95%         3    ####...
 Sticks to Snakes         Tmut           #.......     80%         2    ###....
 Call Canine Familiar     Summ           #.......     30%         3    ####...
 Metabolic Englaciation   Hex/Ice        #.........   100%        5    ######.
 Silence                  Hex/Air        #.........   100%        5    ######.
 Shatter                  Erth           #.........   100%        9    #######
 Static Discharge         Conj/Air       #.......     95%         3    ####...
 Alistair's Intoxication  Tmut/Pois      #.......     100%        5    ######.
 Lee's Rapid Deconstruct  Erth           #.........   100%        5    ######.
 Sandblast                Erth           #.....       65%         1    ##.....
 Simulacrum               Ice/Necr       #.........   100%        6    #######
 Conjure Ball Lightning   Conj/Air       #.........   100%        6    #######
 Petrify                  Tmut/Erth      #.......     100%        4    #####..
 Passage of Golubria      Tloc           N/A          12%         4    #####..
 Tornado                  Air            #.........   100%        9    #######
 Summon Hydra             Summ           #.........   100%        7    #######
 Shroud of Golubria       Chrm/Tloc      #.........   16%         2    ###....
 Beastly Appendage        Tmut           #.....       65%         1    ##.....
 Fulminant Prism          Conj/Hex       #.........   100%        4    #####..
 Dazzling Spray           Conj/Hex       #.....       95%         3    ####...
 Force Lance              Conj/Tloc      #.......     71%         4    #####..
 Searing Ray              Conj           #.....       80%         2    ###....
 Summon Lightning Spire   Summ/Air       #.......     96%         4    #####..
 Summon Guardian Golem    Hex/Summ       #.......     65%         3    ####...
 Summon Mana Viper        Hex/Summ       #.......     100%        5    ######.
 Hydra Form               Tmut           #.........   100%        6    #######
 Irradiate                Conj/Tmut      #.........   100%        5    ######.
 Gell's Gravitas          Tloc           ##........   3%          3    ####...
 Ignition                 Fire           #.........   100%        8    #######


Dungeon Overview and Level Annotations

Branches:
Dungeon (15/15)            Temple (1/1) D:5            Lair (6/6) D:10
 Shoals (0/4) Lair:3        Snake (4/4) Lair:3        Slime (0/5) Lair:5
    Orc (2/2) D:11            Elf (2/3) Orc:2        Vaults (1/5) D:13
 Depths (0/5) D:15

Altars:
Ashenzari
Cheibriados
Dithmenos
Elyvilon
Fedhas
Gozag
Hepliaklqana
Kikubaaqudgha
Makhleb
Nemelex Xobeh
Okawaru
Qazlal
Ru
Sif Muna
Trog
Uskayaw
Vehumet
Wu Jian
Xom
Yredelemnul
Zin
The Shining One
Beogh
Lugonu

Shops:
D:4 (   D:6 %   D:7 *!:*%   Orc:2 ?:%[   Elf:2 %   Snake:1 =   Snake:2 =}
Snake:3 =

Portals:
Pandemonium: Orc:2

Annotations:
Lair:2 exclusion: oklob plant
Lair:3 exclusion: oklob plant
Lair:5 exclusion: oklob plant


Innate Abilities, Weirdness & Mutations

You are mostly covered in yellow scales. (AC +3)
You are agile. (Dex +2)
You are dopey. (Int -2)
Your system is resistant to poisons. (rPois)
You are robust. (+10% HP)
Your spells are a little easier to cast, but a little less powerful.
Your movements are slightly less encumbered by armour. (ER -2)


Message History

Confirm with . or Enter, or press ? or * to list all spells.
You blink.
The crystal guardian fires a crystalline bolt at you.
The crystal bolt freezes you! You resist.
* * * LOW HITPOINT WARNING * * *
You feel better. The saltling barely misses you.
You block the saltling's attack.
Casting: Blink (safe; 1% risk of failure)
Confirm with . or Enter, or press ? or * to list all spells.
You blink.
The ragged hierophant shouts!
A saltling comes into view.
Okay, then.
You feel very mighty all of a sudden.
The crystal guardian fires a crystalline bolt at you.
The crystal bolt freezes you! You resist.
The Shining One protects you from harm!
The ragged hierophant points at you and mumbles some strange words.
A blast of power from the earth and the saltling strikes you!
You die...

#.............§§ ....#....
#............... § ....#..b.
#...8.SS§......§ §§8§§§.......
#...8.88.......§ §§§§§§.§..b...
#...888p........§§§§§§§§.§8......
#............p..§§§§§§.§§.#.##...
#...............§§§§§§..§§.#...##
#...............8§.8§8.§§8.#....#
#....§.#...§.8..@..8.8....#....##
#.....§§....§§§....##.....#...#[.
#.....§§§§..§§§§....8......#.#..|
#.....§..§§§§§§§§..........#b.}..
#......§.§. .§§§§........#.#..[[
#...#..§§§§§§§§§§.........#...###
§.§§.........#.##bb §§
..........##8.## ..#........#..8


You could see a ragged hierophant, a crystal guardian and 6 saltlings.

Vanquished Creatures
  Vashnia (Snake:3)
  Nikola (Elf:2)
  Rupert (D:11)
  A deep elf blademaster (Elf:2)
  Kirke (Snake:3)
  9 nagarajas
  Donald (Elf:2)
  A fire giant (D:15)
  A vault warden (Vaults:1)
  Aizul (Snake:1)
  Louise (Elf:2)
  An orc warlord (Orc:1)
  A deep elf elementalist (Elf:2)
  A deep elf demonologist (Elf:1)
  The ghost of KristoblXynda the Grappler, a journeyman TrWz of Ashenzari (Orc:2)
  2 deep elf annihilators
  A halazid warlock (Desolation)
  Azrael (D:12)
  A minotaur (Lab)
  A deep elf death mage (Elf:1)
  Josephine (D:12)
  2 fire dragons
  An ettin (Orc:2)
  2 ice dragons (D:15)
  18 naga warriors
  4 vault guards (D:13)
  Harold (D:12)
  4 ragged hierophants (Desolation)
  5 servants of whispers (Desolation)
  4 hydras
  4 centaur warriors
  20 dancing weapons
  A tengu warrior (D:13)
  8 anacondas
  12 two-headed ogres
  An ogre mage (Vaults:1)
  10 death yaks
  4 orc high priests
  17 deep elf knights
  17 naga sharpshooters
  5 shock serpents
  A salamander mystic (Snake:2)
  7 skeletal warriors
  7 hell knights (D:14)
  A sixfirhy (Orc:2)
  A torturous demonspawn (Orc:2)
  5 unseen horrors
  7 naga ritualists
  4 elephants (Lair:3)
  6 deep elf archers
  A flayed ghost (Vaults:1)
  An infernal demonspawn (Orc:2)
  8 ironbrand convokers
  An anaconda skeleton (Volcano)
  9 orc knights
  51 deep elf magi
  10 mana vipers
  6 cyclopes
  5 large abominations (Elf:1)
  22 ugly things
  2 manticores
  11 orc sorcerers
  A faun (D:11)
  8 salamanders
  Maurice (D:9)
  3 guardian serpents
  Psyche (D:12)
  2 molten gargoyles (Desolation)
  2 vault sentinels (Vaults:1)
  34 black mambas
  16 naga magi
  5 gargoyles (Volcano)
  9 spiny frogs
  The ghost of Yarrr the Destroyer, a novice DrCj (D:5)
  3 kobold demonologists (D:12)
  5 rime drakes
  A freezing wraith (D:10)
  A tengu conjurer (D:13)
  8 komodo dragons
  A red devil (Orc:2)
  An ice devil (Orc:2)
  5 yaktaurs
  10 trolls
  3 meliai (D:15)
  A merfolk (D:11)
  A queen bee (shapeshifter) (Vaults:1)
  A meliai (shapeshifter) (D:13)
  7 hornets
  6 polar bears
  4 harpy skeletons (Volcano)
  9 blink frogs
  17 saltlings (Desolation)
  4 slime creatures
  17 dream sheep
  20 hippogriffs
  Sigmund (D:2)
  15 spriggans
  A shadow (D:14)
  7 wraiths
  2 flying skulls (Volcano)
  4 air elementals
  A yak (shapeshifter) (D:15)
  42 yaks
  3 water elementals
  7 wyverns
  8 basilisks
  8 fire elementals
  A chaos spawn (Orc:2)
  4 vampire mosquitoes (D:15)
  3 hungry ghosts
  A yaktaur simulacrum (Vaults:1)
  4 wargs
  61 nagas
  An acid dragon (D:15)
  11 hell hounds
  8 water moccasins
  51 orc warriors
  5 porcupines
  6 phantoms
  An eye of draining (D:11)
  5 ice beasts
  2 necrophages
  4 black bears
  A hornet zombie (D:15)
  6 sky beasts
  17 ogres
  3 boggarts (Lair:6)
  24 wolves
  22 centaurs
  10 crocodiles
  20 bullfrogs
  10 big kobolds
  5 elf zombies
  A gnoll sergeant (Orc:1)
  2 wyvern zombies
  2 earth elementals
  A wyvern skeleton (D:10)
  5 scorpions
  5 wights
  71 killer bees
  3 troll skeletons (Volcano)
  A spriggan skeleton (Volcano)
  4 howler monkeys
  9 crimson imps
  4 lava snakes (Lab)
  2 centaur zombies
  3 quasits
  2 hounds
  5 jellies
  32 orc priests
  4 human zombies (D:14)
  14 iguanas
  4 bullfrog skeletons
  Jessica (D:3)
  23 orc wizards
  A human skeleton (D:14)
  9 worker ants
  A killer bee zombie (D:7)
  A hound zombie (D:10)
  2 naga skeletons (Volcano)
  4 mummies (D:14)
  10 gnolls
  2 howler monkey skeletons
  31 adders
  4 shadow imps
  A white imp (Vaults:1)
  2 oozes
  6 worms
  5 dart slugs
  6 leopard geckos
  101 orcs
  A bat (D:1)
  6 giant cockroaches
  7 goblins
  8 hobgoblins
  5 jackals
  49 kobolds
  9 quokkas
  A ball python zombie (D:5)
  6 frilled lizards
  2 jackal skeletons (D:4)
  A leopard gecko skeleton (D:5)
  A quokka zombie (D:7)
  7 rats
  4 demonic plants (D:12)
  A fungus (Lair:5)
  A plant (D:12)
1422 creatures vanquished.

Vanquished Creatures (others)
  A centaur warrior (D:15)
  A two-headed ogre (Lair:3)
  An ugly thing (Vaults:1)
  A deep elf mage (Elf:1)
  A flying skull (Volcano)
  A basilisk (Lair:6)
  2 humans (Snake:3)
  A jelly (D:13)
  An orc priest (Vaults:1)
  An orc wizard (D:13)
  A demonic plant (D:12)
  6 fungi
  2 pillars of salt (Vaults:1)
  2 plants
22 creatures vanquished.

Grand Total: 1444 creatures vanquished

Notes
Turn   | Place    | Note
-------+----------+-------------------------------------------
     0 | D:1      | Ijustatesigmund the Hill Orc Fighter began the quest for the Orb.
     0 | D:1      | Reached XP level 1. HP: 19/19 MP: 1/1
    28 | D:1      | Reached XP level 2. HP: 25/26 MP: 2/2
   320 | D:1      | Reached XP level 3. HP: 26/31 MP: 3/3
   557 | D:2      | Reached skill level 5 in Axes
   700 | D:2      | Reached XP level 4. HP: 32/39 MP: 4/4
   888 | D:2      | Noticed Sigmund
   908 | D:2      | Killed Sigmund
   908 | D:2      | Reached XP level 5. HP: 24/45 MP: 5/5
   908 | D:2      | Reached XP level 6. HP: 28/51 MP: 6/6
  2169 | D:3      | Noticed Jessica
  2176 | D:3      | Killed Jessica
  2301 | D:4      | Found Gaucrip's Weapon Shoppe.
  2388 | D:4      | Reached XP level 7. HP: 43/60 MP: 7/7
  2485 | D:4      | Reached skill level 5 in Fighting
  3027 | D:4      | Found a bloodstained altar of Trog.
  3648 | D:4      | Reached XP level 8. HP: 54/70 MP: 8/8
  3693 | D:4      | Reached skill level 10 in Axes
  3869 | D:4      | Reached skill level 5 in Armour
  3972 | D:4      | Reached skill level 5 in Shields
  4089 | D:4      | Reached XP level 9. HP: 67/79 MP: 9/9
  4454 | D:5      | Entered Level 5 of the Dungeon
  4532 | D:5      | Found a staircase to the Ecumenical Temple.
  4532 | D:5      | Noticed Yarrr's ghost (novice DrCj)
  4706 | D:5      | Killed Yarrr's ghost
  4857 | Temple   | Entered the Ecumenical Temple
  4913 | Temple   | Became a worshipper of the Shining One
  4975 | D:5      | Found a stormy altar of Qazlal.
  4985 | D:5      | Found a glowing silver altar of Zin.
  5111 | D:5      | Reached skill level 1 in Dodging
  5182 | D:5      | Got an ancient leather armour
  5188 | D:5      | Identified the +3 leather armour of Ebyp {Str+4} (You found it on level 5 of the Dungeon)
  5271 | D:5      | Found a sacrificial altar of Ru.
  5271 | D:5      | Found a shattered altar of Ashenzari.
  5273 | D:5      | Found a white marble altar of Elyvilon.
  5557 | D:6      | Found Ropuecao's Food Shop.
  6019 | D:7      | Reached * piety under the Shining One
  6031 | D:7      | Found Vada's Food Shop.
  6140 | D:7      | Found Uduut's Assorted Antiques.
  6146 | D:7      | Bought a metallic black potion for 17 gold pieces
  6146 | D:7      | Bought a scroll of identify for 38 gold pieces
  6146 | D:7      | Bought a scroll of identify for 38 gold pieces
  6146 | D:7      | Bought a fuming green potion for 17 gold pieces
  6146 | D:7      | Bought a scroll labeled YGOATO FYAF for 19 gold pieces
  6152 | D:7      | Gained mutation: Your spells are a little easier to cast, but a little less powerful. [potion of mutation]
  6152 | D:7      | Gained mutation: You have a pair of small horns on your head. [potion of mutation]
  6153 | D:7      | Lost mutation: Your spells are a little easier to cast, but a little less powerful. [potion of mutation]
  6153 | D:7      | Lost mutation: You have a pair of small horns on your head. [potion of mutation]
  6153 | D:7      | Gained mutation: You are dopey. (Int -2) [potion of mutation]
  6153 | D:7      | Gained mutation: Your spells are a little easier to cast, but a little less powerful. [potion of mutation]
  6153 | D:7      | Gained mutation: You evolve. [potion of mutation]
  6153 | D:7      | Gained mutation: You are agile. (Dex +2) [potion of mutation]
  6372 | D:7      | Reached XP level 10. HP: 74/91 MP: 10/10
  6526 | D:7      | Found Seushrin's Distillery.
  6534 | D:7      | Bought a potion of curing for 39 gold pieces
  6552 | D:7      | Found Qategepn's Assorted Antiques.
  6573 | D:7      | Reached skill level 1 in Invocations
  6744 | D:7      | Found a faded altar of an unknown god.
  6744 | D:7      | Found a snail-covered altar of Cheibriados.
  6749 | D:7      | Found a faded altar of an unknown god.
  6751 | D:7      | Found a shadowy altar of Dithmenos.
  6753 | D:7      | Found a shimmering altar of Xom.
  7095 | D:7      | Found Ogaofem's Book Emporium.
  7101 | D:7      | Reached skill level 2 in Invocations
  7363 | D:8      | Reached ** piety under the Shining One
  7390 | D:8      | Reached skill level 3 in Invocations
  7652 | D:8      | Noticed a two-headed ogre
  7662 | D:8      | Killed a two-headed ogre
  7662 | D:8      | Reached skill level 10 in Fighting
  7662 | D:8      | Reached skill level 4 in Invocations
  8112 | D:9      | Noticed Maurice
  8128 | D:9      | Killed Maurice
  8178 | D:9      | Found a blossoming altar of Fedhas.
  8187 | D:9      | Noticed a two-headed ogre
  8193 | D:9      | Reached skill level 5 in Invocations
  8208 | D:9      | Killed a two-headed ogre
  8208 | D:9      | Reached skill level 6 in Invocations
  8208 | D:9      | Reached XP level 11. HP: 89/101 MP: 13/15
  8354 | D:9      | Noticed a two-headed ogre
  8369 | D:9      | Killed a two-headed ogre
  8369 | D:9      | Reached skill level 7 in Invocations
  8891 | D:9      | Found a burning altar of Makhleb.
  8891 | D:9      | Found a deep blue altar of Sif Muna.
  9015 | D:10     | Entered Level 10 of the Dungeon
  9181 | D:10     | Reached skill level 8 in Invocations
  9213 | D:10     | Found a staircase to the Lair.
  9265 | D:10     | Noticed a two-headed ogre
  9278 | D:10     | Killed a two-headed ogre
  9450 | D:10     | Gained mutation: Your movements are slightly less encumbered by armour. (ER -2) [evolution]
  9562 | D:10     | Reached skill level 9 in Invocations
 10175 | D:11     | Found a deep blue altar of Sif Muna.
 10239 | D:11     | Reached *** piety under the Shining One
 10239 | D:11     | Noticed a cyclops
 10258 | D:11     | Killed a cyclops
 10426 | D:11     | Gained mutation: You are robust. (+10% HP) [evolution]
 10435 | D:11     | Reached XP level 12. HP: 89/124 MP: 19/19
 10525 | D:11     | Reached skill level 15 in Axes
 10525 | D:11     | Reached skill level 10 in Invocations
 10941 | D:11     | Noticed a two-headed ogre
 10951 | D:11     | Killed a two-headed ogre
 10968 | D:11     | Upgraded the game from 0.22-a0-469-gf26638a to 0.22-a0-479-gc6e99f3
 11927 | D:11     | Found a staircase to the Orcish Mines.
 11978 | D:11     | Reached skill level 11 in Invocations
 12254 | D:11     | Learned a level 2 spell: Blink
 12705 | D:12     | Found a corrupted altar of Lugonu.
 12710 | D:12     | Noticed Harold
 12727 | D:12     | Noticed an eight-headed hydra
 12730 | D:13     | Found a portal to a secret trove of treasure.
 12740 | D:13     | Reached skill level 1 in Translocations
 12759 | Trove    | Entered a treasure trove
 12764 | Trove    | Got a coiled brass ring
 12766 | Trove    | Got a scorched zirconium amulet
 12768 | Trove    | Got a serpentine ruby amulet
 12770 | Trove    | Got a smoking jade ring
 12772 | Trove    | Got an ancient pewter ring
 12778 | Trove    | Got a translucent sapphire amulet
 12784 | Trove    | Got a serpentine bronze amulet
 12792 | Trove    | Got a heavily runed sapphire amulet
 12794 | Trove    | Identified the amulet "Ciepsyam" {Acrobat rC+} (You found it in a treasure trove)
 12796 | Trove    | Identified the amulet "Edaxtar" {*Corrode rPois MR+ Regen+ Slay+5} (You found it in a treasure trove)
 12798 | Trove    | Identified the amulet of Lanuru {Acrobat rPois MP+9 Str-5} (You found it in a treasure trove)
 12800 | Trove    | Identified the amulet of Hasin {Harm *Drain rPois Int-2 Dex+8 Slay-5} (You found it in a treasure trove)
 12803 | Trove    | Identified the amulet "Rynur" {Reflect *Corrode rPois rC+ SH+2 Stlth+} (You found it in a treasure trove)
 12811 | Trove    | Identified the ring of Usmatwes {+Fly MP+9} (You found it in a treasure trove)
 12814 | Trove    | Identified the ring "Muxkusch" {*Slow Str+5 Stlth-} (You found it in a treasure trove)
 12817 | Trove    | Identified the ring of the Enemy {rC+ Int+2 Slay+3} (You found it in a treasure trove)
 12846 | D:13     | Found a gate to the Vaults.
 12846 | D:13     | Noticed a vault guard
 12846 | D:13     | Noticed a vault guard
 12846 | D:13     | Noticed a vault guard
 12846 | D:13     | Noticed a vault guard
 12846 | D:13     | Noticed a two-headed ogre
 12846 | D:13     | Noticed a fire dragon
 13097 | D:12     | Noticed Rupert
 13219 | Lair:1   | Entered Level 1 of the Lair of Beasts
 13337 | Lair:1   | Found a labyrinth entrance.
 13346 | Lab      | Entered a labyrinth
 13575 | Lab      | Gained mutation: You are partially covered in yellow scales. (AC +2) [evolution]
 13903 | Lab      | Noticed a minotaur
 13919 | Lab      | Killed a minotaur
 13919 | Lab      | Reached skill level 12 in Invocations
 14167 | Lair:1   | Reached XP level 13. HP: 133/134 MP: 22/22
 15050 | Lair:2   | Reached skill level 5 in Translocations
 15056 | Lair:2   | Reached skill level 13 in Invocations
 15825 | Lair:2   | Learned a level 1 spell: Apportation
 15878 | Lair:3   | Found a staircase to the Snake Pit.
 15962 | Lair:3   | Found a staircase to the Shoals.
 16066 | Lair:3   | Got a pitted bone amulet
 16086 | Lair:3   | Identified the amulet "Wutin" {Spirit +Blink rF- rN+} (You found it on level 3 of the Lair of Beasts)
 16253 | Lair:3   | Reached skill level 14 in Invocations
 16361 | Lair:3   | Found a dark tunnel.
 16369 | Volcano  | Entered a volcano
 17846 | Lair:4   | Reached skill level 15 in Invocations
 17933 | Lair:4   | Reached XP level 14. HP: 141/141 MP: 25/25
 18650 | Lair:5   | Got a ruby-encrusted ring mail
 18661 | Lair:5   | Identified the +3 ring mail of the Postmodern Stories {Dex+4} (You found it on level 5 of the Lair of Beasts)
 18704 | Lair:5   | Reached skill level 16 in Invocations
 19079 | Lair:5   | Found a staircase to the Slime Pits.
 19466 | Lair:6   | Entered Level 6 of the Lair of Beasts
 19850 | Lair:6   | Reached skill level 17 in Invocations
 19988 | Lair:6   | Reached skill level 10 in Translocations
 20259 | Lair:6   | Reached XP level 15. HP: 149/149 MP: 27/27
 21033 | D:12     | Reached skill level 18 in Invocations
 21115 | D:12     | Reached **** piety under the Shining One
 21137 | D:12     | Noticed Azrael
 21165 | D:12     | Killed Azrael
 21248 | D:11     | Gained mutation: You are mostly covered in yellow scales. (AC +3) [evolution]
 21342 | D:11     | Killed Rupert
 21566 | D:12     | Killed Harold
 21652 | D:12     | Noticed Psyche
 21654 | D:12     | Noticed Josephine
 21659 | D:12     | Killed Psyche
 21671 | D:12     | Killed Josephine
 22585 | D:13     | Found a sparkling altar of Nemelex Xobeh.
 22953 | D:14     | Reached ***** piety under the Shining One
 23022 | D:14     | Reached skill level 19 in Invocations
 23022 | D:14     | Reached XP level 16. HP: 114/161 MP: 29/29
 23158 | D:14     | Got a steaming flail
 23164 | D:14     | Identified the +4 flail of Magnificence {venom, MR+} (You found it on level 14 of the Dungeon)
 23374 | D:14     | Found a basalt altar of Yredelemnul.
 23566 | D:14     | Got a shimmering brass ring
 23605 | D:14     | Identified the ring of Polytheism {Wiz Dex+8 Slay+2} (You found it on level 14 of the Dungeon)
 23623 | D:15     | Entered Level 15 of the Dungeon
 23851 | D:15     | Reached skill level 15 in Fighting
 23860 | D:15     | Reached ****** piety under the Shining One
 24425 | D:15     | Found a staircase to the Depths.
 24989 | Orc:1    | Entered Level 1 of the Orcish Mines
 25081 | Orc:2    | Entered Level 2 of the Orcish Mines
 25244 | Orc:2    | Found a staircase to the Elven Halls.
 25489 | Orc:1    | Gained mutation: Your system is resistant to poisons. (rPois) [evolution]
 25489 | Orc:1    | Lost mutation: You evolve. [end of evolution]
 26054 | Orc:2    | Reached skill level 20 in Invocations
 26085 | Orc:2    | Found a roughly hewn altar of Beogh.
 26123 | Orc:2    | Found Hiudomar's Magic Scroll Shoppe.
 26131 | Orc:2    | Found Jutwel's Food Emporium.
 26377 | Orc:2    | Noticed KristoblXynda's ghost (journeyman TrWz)
 26390 | Orc:2    | Killed KristoblXynda's ghost
 26430 | Orc:2    | Reached XP level 17. HP: 152/173 MP: 25/31
 26472 | Orc:2    | Found Xyimash's Book Boutique.
 26472 | Orc:2    | Found Uduhyfy's Antique Armour Shop.
 26473 | Orc:2    | Found a one-way gate leading to the halls of Pandemonium.
 26477 | Orc:2    | Bought an ancient scale mail for 216 gold pieces
 26487 | Orc:2    | Identified the +6 scale mail of Winurir {Str+2 Dex+4} (You bought it in a shop on level 2 of the Orcish Mines)
 26519 | Orc:2    | Bought a scroll of identify for 24 gold pieces
 26519 | Orc:2    | Bought a scroll of brand weapon for 240 gold pieces
 26519 | Orc:2    | Bought a scroll of enchant weapon for 90 gold pieces
 26519 | Orc:2    | Bought a scroll of identify for 24 gold pieces
 26519 | Orc:2    | Bought a scroll of identify for 24 gold pieces
 26519 | Orc:2    | Bought a scroll of enchant armour for 90 gold pieces
 26790 | Elf:1    | Entered Level 1 of the Elven Halls
 27248 | Elf:1    | Identified Sif Muna's Reference Book on Creation
 27254 | Elf:1    | Learned a level 3 spell: Lesser Beckoning
 27606 | Elf:1    | Identified the Volume of Necromancy
 28636 | Elf:2    | Found Zeqyud's Food Emporium.
 28740 | Elf:2    | Noticed Donald
 28755 | Elf:2    | Killed Donald
 28755 | Elf:2    | Reached skill level 5 in Dodging
 28780 | Elf:2    | Found a deep blue altar of Sif Muna.
 29079 | Elf:2    | Noticed Louise
 29129 | Elf:2    | Killed Louise
 29188 | Elf:2    | Noticed Nikola
 29210 | Elf:2    | Killed Nikola
 29210 | Elf:2    | Reached XP level 18. HP: 72/184 MP: 32/32
 29457 | Elf:2    | Found a huge runed gate.
 29457 | Elf:2    | Found a huge runed gate.
 29457 | Elf:2    | Found a huge runed gate.
 29457 | Elf:2    | Found a huge runed gate.
 29457 | Elf:2    | Found a huge runed gate.
 29890 | Elf:2    | Noticed a deep elf blademaster
 29903 | Elf:2    | Killed a deep elf blademaster
 30500 | Snake:1  | Entered Level 1 of the Snake Pit
 30567 | Snake:1  | Found a white marble altar of Elyvilon.
 30685 | Snake:1  | Reached skill level 1 in Maces & Flails
 30801 | Snake:1  | Reached skill level 1 in Spellcasting
 31034 | Snake:1  | Found Xaruddup's Jewellery Shop.
 31174 | Snake:1  | Noticed Aizul
 31192 | Snake:1  | Killed Aizul
 31293 | Snake:2  | Learned a level 1 spell: Summon Butterflies
 31381 | Snake:2  | Reached skill level 1 in Summonings
 31551 | Snake:2  | You fall through a shaft!
 31701 | Snake:2  | Found Xiakead's Gadget Emporium.
 31710 | Snake:2  | Found Liuj's Jewellery Shop.
 31710 | Snake:2  | Found Uratiachag's Jewellery Shop.
 31724 | Snake:2  | Bought the amulet of Vitality {Regen+ HP+15} for 1343 gold pieces
 31724 | Snake:2  | Found the amulet of Vitality {Regen+ HP+15}
 32340 | Snake:3  | Reached skill level 21 in Invocations
 32799 | Snake:3  | Noticed Kirke
 32813 | Snake:3  | Killed Kirke
 32813 | Snake:3  | Reached XP level 19. HP: 194/194 MP: 33/33
 32884 | Snake:3  | Noticed Vashnia
 33217 | Snake:3  | Killed Vashnia
 33331 | Snake:3  | Found Kyq Zeutt's Jewellery Emporium.
 33604 | Snake:4  | Entered Level 4 of the Snake Pit
 34037 | Snake:4  | Reached skill level 5 in Summonings
 34503 | Snake:4  | Identified Sif Muna's Compendium of Ice and the Arsonist
 35067 | Snake:4  | Got a serpentine rune of Zot
 35662 | Vaults:1 | Entered Level 1 of the Vaults
 36097 | Vaults:1 | Reached XP level 20. HP: 141/207 MP: 34/34
 36289 | Vaults:1 | Found a ruined gateway.
 36298 | Desolati | Entered the Desolation of Salt
 36361 | Desolati | Reached skill level 10 in Shields
 36635 | Desolati | HP: 2/222 [crystal guardian/crystal bolt (15)]
 36638 | Desolati | The Shining One protects you from harm!
 36638 | Desolati | Killed from afar by a ragged hierophant

Vault maps used:
D:1:      saegor_arrival_simple_d
D:2:      minmay_tromino_i2, uniq_sigmund
D:3:      uniq_jessica
D:4:      minmay_goblin_kobold_castle, lemuel_doored_altar, serial_shops,
          shop_statue, kennysheep_boxes
D:5:      lemuel_round_altar, kennysheep_mini_moat,
          nicolae_overflow_hidden_temple, temple_statues, first_ration
D:6:      serial_shops, shop
D:7:      chequers_temple_overflow_minitemple, serial_shops, shop,
          kennysheep_little_box, nicolae_shop_trees, shop, shop
D:9:      gammafunk_temple_overflow_wave, kennysheep_mini, minivault_19,
          uniq_maurice
D:10:     lair_entry_dummy
D:11:     cheibrodos_barr_body, hiddenorc1_lemuel, hangedman_fish_farm,
          lemuel_blue_sif_altar
D:12:     kennysheep_kobold_lugonu_temple, uniq_azrael, uniq_rupert,
          uniq_josephine, uniq_harold, uniq_psyche
D:13:     lemuel_ice_spiral_2, lightli_vaults_fourway_checkpoint, enter_trove_0,
          nemelex_xobeh_ov_fountains_minmay
D:14:     lemuel_mausoleum_altar_yredelemnul, minmay_rotating_lava
D:15:     grunt_enter_depths_hoard, minmay_misc_feat_chi, evilmike_minifort
Temple:   zaba_magenta_temple
Lair:1:   lab_entry_generic
Lair:2:   beast_lair_carwin_large_3, minmay_lair_oklob_bushes,
          grunt_megastairs_5
Lair:3:   minmay_shoals_entry_beasts, guppyfry_snake_entry_garden,
          enter_volcano_1, grunt_forest_stairs_basic, minmay_lair_oklob_chamber
Lair:4:   wad_woods_minihive, special_room, forest_entry_grove,
          infiniplex_staircase_pool_2
Lair:5:   slime_dummy
Lair:6:   minmay_lair_end_enchanted_forest
Snake:1:  basic_altar, serial_shops, shop, uniq_aizul
Snake:2:  minmay_shop_grove
Snake:3:  serial_shops, shop, uniq_vashnia, uniq_kirke
Snake:4:  minmay_snake_end_coiled
Orc:2:    pf_orc_diabolical, basic_altar
Elf:1:    minmay_elf_necromancy, corexii_checkpoint_b, minmay_elf_demonology
Elf:2:    serial_shops, nicolae_shop_window_shopping, basic_altar, minivault_14,
          uniq_nikola, uniq_louise, uniq_donald
Vaults:1: nicolae_vaults_diagonal_hallway_6, kb_rosetta, v_misc_5,
          nicolae_vaults_little_squares_2, nicolae_vaults_network_barrier,
          v_misc_16, ontoclasm_vaults_gateway, serial_ice_b, vaults_room_pools,
          portal_desolation_entry_garden
Lab:      nicolae_lab_dead_adventurers, nicolae_lab_swirl, labyrinth_lava_lair,
          labyrinth_glass_1, nicolae_lab_very_dead_end
Trove:    trove_jewel_2
Volcano:  volcano_tomb

Skill      XL: |  1  2  3  4  5  6  7  8  9 10 11 12 13 14 15 16 17 18 19 20 |
---------------+-------------------------------------------------------------+-----
Axes           | 3 4 5 8 9 10 11 13 14 15 16 18 19 20 | 20.1
Fighting       | 4 6 7 9 10 12 13 14 16 17 18 | 18.4
Armour         | 4 5 6 8 9 |  9.9
Shields        | 4 5 6 8 9 11 | 11.5
Dodging        | 3 5 6 7 |  7.7
Invocations    | 6 9 12 15 17 19 20 21 | 21.7
Translocations | 4 7 10 | 10.6
Maces & Flails | 4 |  4.8
Spellcasting   | 3 |  3.1
Summonings     | 3 5 |  5.4

Action                   |  1- 3 |  4- 6 |  7- 9 | 10-12 | 13-15 | 16-18 | 19-21 || total
-------------------------+-------+-------+-------+-------+-------+-------+-------++-------
Melee: War axe           |   106 |   150 |   360 |   737 |  1199 |  1407 |   662 ||  4621
       Morningstar       |       |       |       |       |    24 |       |       ||    24
Throw: Javelin           |       |       |       |       |     2 |       |     2 ||     4
 Cast: Apportation       |       |       |       |       |     2 |     2 |       ||     4
       Blink             |       |       |       |       |     6 |     5 |     8 ||    19
       Lesser Beckoning  |       |       |       |       |       |    11 |    14 ||    25
       Summon Butterflie |       |       |       |       |       |       |     6 ||     6
Invok: Divine Shield     |       |       |       |    11 |    14 |    18 |     7 ||    50
       Cleansing Flame   |       |       |       |       |       |    12 |    15 ||    27
       Summon Divine War |       |       |       |       |       |       |     1 ||     1
Evoke: Wand              |       |       |       |    12 |    23 |     9 |     6 ||    50
  Use: Scroll            |     4 |     6 |    10 |     9 |    10 |     6 |    16 ||    61
       Potion            |       |     2 |     4 |     9 |     3 |     4 |    14 ||    36
 Stab: Invisible         |       |       |     6 |       |       |       |       ||     6
  Eat: Chunk             |       |     4 |     7 |    12 |    13 |    17 |       ||    53
       Ration            |       |       |     2 |     5 |     5 |     7 |     5 ||    24
Armor: Scale mail        |    46 |    48 |   109 |       |       |   203 |   176 ||   582
       Leather armour    |       |       |    14 |    95 |   159 |       |       ||   268
       Ring mail         |       |       |       |    30 |   203 |    83 |       ||   316
       Skin              |       |       |       |     2 |       |       |       ||     2
Dodge: Dodged            |    24 |    30 |    69 |   188 |   323 |   342 |   225 ||  1201
Block: Shield            |    68 |    77 |   186 |   418 |   704 |   924 |   381 ||  2758
       Large shield      |       |       |       |       |       |       |   170 ||   170

Table legend:
 A = Spawn XP
 B = Non-spawn XP
 C = Spawn XP percentage of total XP
 D = Spawn monster count
 E = Non-spawn monster count
 F = Spawn count percentage of total count
 G = Total turns spent on level
                    A         B        C        D         E        F      G
               +---------+---------+-------+---------+---------+-------+---------
         Total |       0 |  426314 |   0.0 |       0 |    1419 |   0.0 | 36638
               +---------+---------+-------+---------+---------+-------+---------
           D:1 |       0 |      39 |   0.0 |       0 |      20 |   0.0 |   533
           D:2 |       0 |     351 |   0.0 |       0 |      34 |   0.0 |   884
           D:3 |       0 |     216 |   0.0 |       0 |      17 |   0.0 |  1111
           D:4 |       0 |    1968 |   0.0 |       0 |      77 |   0.0 |  2131
           D:5 |       0 |     826 |   0.0 |       0 |      16 |   0.0 |   617
           D:6 |       0 |     756 |   0.0 |       0 |      13 |   0.0 |   664
           D:7 |       0 |    1440 |   0.0 |       0 |      27 |   0.0 |  1232
           D:8 |       0 |    1554 |   0.0 |       0 |      27 |   0.0 |   866
           D:9 |       0 |    4864 |   0.0 |       0 |      37 |   0.0 |   903
          D:10 |       0 |    4994 |   0.0 |       0 |      34 |   0.0 |  1196
          D:11 |       0 |   12173 |   0.0 |       0 |      74 |   0.0 |  3024
          D:12 |       0 |   11784 |   0.0 |       0 |      48 |   0.0 |  1046
          D:13 |       0 |   13932 |   0.0 |       0 |      43 |   0.0 |  1021
          D:14 |       0 |   15200 |   0.0 |       0 |      53 |   0.0 |   967
          D:15 |       0 |   21905 |   0.0 |       0 |      52 |   0.0 |  1219
        Lair:1 |       0 |    1751 |   0.0 |       0 |      10 |   0.0 |   891
        Lair:2 |       0 |    6199 |   0.0 |       0 |      27 |   0.0 |  1185
        Lair:3 |       0 |    6312 |   0.0 |       0 |      25 |   0.0 |  1261
        Lair:4 |       0 |   12585 |   0.0 |       0 |      87 |   0.0 |   943
        Lair:5 |       0 |   10577 |   0.0 |       0 |      28 |   0.0 |   884
        Lair:6 |       0 |   19525 |   0.0 |       0 |      80 |   0.0 |  1271
       Snake:1 |       0 |   15890 |   0.0 |       0 |      28 |   0.0 |   785
       Snake:2 |       0 |   18724 |   0.0 |       0 |      34 |   0.0 |  1391
       Snake:3 |       0 |   30848 |   0.0 |       0 |      44 |   0.0 |  1057
       Snake:4 |       0 |   49648 |   0.0 |       0 |      87 |   0.0 |  1768
         Orc:1 |       0 |    7157 |   0.0 |       0 |      62 |   0.0 |   444
         Orc:2 |       0 |   21686 |   0.0 |       0 |     108 |   0.0 |  1385
         Elf:1 |       0 |   32387 |   0.0 |       0 |      59 |   0.0 |  1799
         Elf:2 |       0 |   49968 |   0.0 |       0 |      60 |   0.0 |  1624
      Vaults:1 |       0 |   23446 |   0.0 |       0 |      47 |   0.0 |   636
           Lab |       0 |    1403 |   0.0 |       0 |       5 |   0.0 |   724
       Volcano |       0 |    6042 |   0.0 |       0 |      20 |   0.0 |   683
    Desolation |       0 |   20164 |   0.0 |       0 |      36 |   0.0 |   340
               +---------+---------+-------+---------+---------+-------+---------
